cohdb
Replays
Latest Replays
All Replays
Popular Replays
Top Player Replays
Match Explorer
How It Works
Community
CoH3 Stats
Reddit
Sign in to upload your games and track your stats! →
Sign in with Steam
Match 46675128
Unlisted
Match 46675128
Overview
Messages
Build Orders
End
Construct Section Command Post
Selects Air and Sea Battlegroup
Infantry Section
Infantry Section
Infantry Section
Construct Platoon Command Post
Humber Armored Car
Selects Commando Section Paradrop
Selects Commando Support Section Paradrop
Construct Field Infirmary
Commando Section Paradrop
6-pounder Anti-tank Gun Team
Grenade Package
Infantry Training
Selects Supply Surplus
Selects UNKNOWN (223837)
Construct Company Command Post
Tonimontana
Cpt Darling
0
0
Comments
sign in to comment!
No comments posted yet!